 Dungeon Crawl Stone Soup version 0.31.0-4-g52a2dc7128 (webtiles) character file.

Game seed: 4868684019746112818

3563 browni3141 the Grappler (level 9, -1/85 HPs)
             Began as a Troll Enchanter on Jan 23, 2024.
             Was an Elder of Okawaru.
             Shot with an arrow by a centaur (10 damage)
             ... on level 8 of the Dungeon.
             The game lasted 00:09:59 (5010 turns).

browni3141 the Grappler (Troll Enchanter)           Turns: 5010, Time: 00:09:59

Health: -1/85      AC:  9    Str: 22    XL:     9   Next: 83%
Magic:  12/12      EV: 11    Int: 11    God:    Okawaru [****..]
Gold:   333        SH:  0    Dex: 16    Spells: 12/12 levels left

rFire   . .          .
                       - Unarmed
rCold   . . .        (no shield)
rNeg    . . .        w - +0 acid dragon scales
rPois   .            (helmet restricted)
rElec   .            n - +0 cloak
rCorr   +            (gloves unavailable)
SInv    .            (boots unavailable)
Will    .....        (no amulet)
Stlth   ++           L - ring of resist corrosion
HPRegen 1.14/turn    k - +6 ring of dexterity
MPRegen 0.13/turn

%: no passive effects
@: lethally poisoned (-1 -> -1)
A: large, unfitting armour, claws 3, regeneration 1, shaggy fur 1, tough skin 1
a: Renounce Religion, Heroism, Finesse


You were on level 8 of the Dungeon.
You worshipped Okawaru.
Okawaru was greatly pleased with you.
You visited 1 branch of the dungeon, and saw 8 of its levels.

You collected 481 gold pieces.
You spent 148 gold pieces at shops.

Inventory:

Hand Weapons
 D - a +6 trident of venom
 I - a +2 dagger of flaming
 Y - the +5 battleaxe "Blob" {antimagic, Str+3 Int+2 Stlth+}
   (You found it on level 2 of the Dungeon)

   Str+3:     It affects your strength (+3).
   Int+2:     It affects your intelligence (+2).
   Stlth+:    It makes you more stealthy.
Missiles
 l - 5 large rocks
 m - 77 stones
 J - 5 poisoned darts
 T - 3 boomerangs (quivered)
 Z - a throwing net
Armour
 b - a +0 robe
 n - a +0 cloak (worn)
 w - +0 acid dragon scales (worn)
 A - the +0 robe of Shadows and Fog {rElec Int+2 Stlth- Archmagi}
   (You bought it in a shop on level 6 of the Dungeon)

   Int+2:     It affects your intelligence (+2).
   rElec:     It insulates you from electricity.
   Stlth-:    It makes you less stealthy.
   Archmagi:  It increases the power of your magical spells.
Jewellery
 k - a +6 ring of dexterity (right claw)
 B - a ring of ice
 E - a ring of flight
 L - a ring of resist corrosion (left claw)
 V - a ring of protection from fire
Wands
 z - a wand of mindburst (4)
Scrolls
 j - 6 scrolls of teleportation {unknown}
 x - a scroll of revelation {unknown}
 y - a scroll of immolation {unknown}
 H - a scroll of vulnerability {unknown}
 K - a scroll of enchant weapon {unknown}
 M - a scroll of fog {unknown}
 N - a scroll of torment {unknown}
 O - 2 scrolls of fear {unknown}
 P - 4 scrolls of identify {unknown}
 Q - 4 scrolls of enchant armour {unknown}
 R - 3 scrolls of blinking {unknown}
 U - 2 scrolls of poison {unknown}
Potions
 i - 3 potions of invisibility
 C - a potion of attraction {unknown}
 F - a potion of resistance {unknown}
 G - a potion of cancellation {unknown}
 S - a potion of berserk rage {unknown}
 W - 3 potions of mutation {unknown}
 X - 3 potions of heal wounds {unknown}


   Skills:
 + Level 4.6 Fighting
 - Level 0.7 Short Blades
 - Level 5.0 Throwing
 - Level 4.0 Dodging
 - Level 1.5 Stealth
 * Level 8.3 Unarmed Combat
 - Level 2.0 Spellcasting
 - Level 2.0 Hexes
 * Level 5.3 Invocations
 + Level 0.4 Evocations


You had 12 spell levels left.
You didn't know any spells.
Your spell library contained the following spells:

 Spells                   Type           Power      Damage    Failure   Level
 Ensorcelled Hibernation  Hex/Ice        6%         N/A       36%         2
 Confusing Touch          Hex            5%         N/A       43%         3
 Sigil of Binding         Hex            5%         N/A       43%         3
 Dazzling Flash           Conj/Hex       6%         N/A       58%         3
 Dimensional Bullseye     Hex/Tloc       1%         N/A       94%         4
 Passage of Golubria      Tloc           1%         N/A       98%         4
 Yara's Violent Unravell  Hex/Alch       1%         3d3       100%        5
 Tukima's Dance           Hex            Unusable   N/A       N/A         3
 Call Canine Familiar     Summ           Unusable   N/A       N/A         3

Dungeon Overview and Level Annotations

Branches:
Dungeon (8/15)
 Temple: D:4-7         Lair: D:8-11

Altars:
Gozag
Kikubaaqudgha
Okawaru
Qazlal
Wu Jian

Shops:
D:1 [   D:6 [

Annotations:
D:7 Jeremiah


Innate Abilities, Weirdness & Mutations

You are too large for most types of armour.
You have claws for hands.
Your natural rate of healing is unusually fast.
You are covered in fur. (AC +1)
You have tough skin. (AC +1)


Message History

Deactivating autopickup; reactivate with Ctrl-A.
An orc comes into view. It is wielding a +0 whip.
The water moccasin misses you.
You claw the water moccasin!
The water moccasin is almost dead.
The water moccasin closely misses you.
A white imp comes into view.
You barely miss the water moccasin.
The water moccasin is almost dead.
A howler monkey comes into view.
The water moccasin misses you. The white imp gestures at you.
The puff of frost hits you.
You scratch the water moccasin but do no damage.
The water moccasin is severely wounded.
The water moccasin bites you.
You are poisoned.
The water moccasin poisons you! The white imp gestures at you.
The puff of frost misses you.
You barely miss the water moccasin.
The water moccasin is severely wounded.
You feel very sick.
The water moccasin bites you but does no damage.
A howler monkey comes into view.
You scratch the water moccasin.
The water moccasin is almost dead.
You feel very sick.
The water moccasin bites you but does no damage.
A centaur comes into view.
The water moccasin bites you.
You scratch the water moccasin.
The water moccasin is almost dead.
You feel sick. The water moccasin bites you.
You are more poisoned.
The water moccasin poisons you!
You mangle the water moccasin!!
You kill the water moccasin!
Okawaru accepts your kill.
You feel very sick.
The howler monkey hoots and howls with incredible vigour!
The white imp gestures at you. The puff of frost misses you.
You closely miss the white imp.
You feel very sick.
The centaur wields a +0 orcbow.
The centaur shoots an arrow.
The arrow hits you!
The orc warrior hits you with a +0 war axe.
The white imp hits you but does no damage.
You feel very sick.
The centaur unwields a +0 orcbow.
The centaur hits you but does no damage.
The centaur kicks you but does no damage.
The white imp hits you but does no damage.
You feel very sick.
The centaur hits you but does no damage.
The centaur kicks you but does no damage.
The howler monkey hoots and howls with incredible vigour!
The white imp closely misses you. The centaur barely misses you. x2
You feel very sick. The centaur completely misses you.
The centaur kicks you but does no damage.
The white imp attacks as it pursues you!
The white imp hits you but does no damage.
You scratch the white imp.
The white imp is lightly wounded.
The sentinel's mark upon you fades away.
You feel sick. The centaur misses you. x2
The orc warrior hits you with a +0 war axe!
* * * LOW HITPOINT WARNING * * *
The white imp barely misses you.
You claw the white imp!
The white imp is almost dead.
You feel sick.
The centaur hits you but does no damage.
The centaur kicks you but does no damage.
You scratch the white imp.
You kill the white imp!
Okawaru accepts your kill.
You feel sick. The centaur barely misses you.
The centaur kicks you but does no damage.
The orc warrior hits you with a +0 war axe.
* * * LOW HITPOINT WARNING * * *
The centaur hits you.
* * * LOW HITPOINT WARNING * * *
The centaur kicks you.
* * * LOW HITPOINT WARNING * * *
Training target 5.0 for Throwing reached!
Your Throwing skill increases to level 5!
You feel sick. The orc hits you with a +0 whip.
* * * LOW HITPOINT WARNING * * *
The orc warrior attacks as it pursues you!
The orc warrior hits you with a +0 war axe!
* * * LOW HITPOINT WARNING * * *
The centaur hits you.
* * * LOW HITPOINT WARNING * * *
The centaur kicks you but does no damage.
You feel sick.
The centaur wields a +0 orcbow.
The centaur shoots an arrow.
The arrow hits you!
You die...

........ ....... .....
.o.. #### #.w ..#
#o####### ### #######.#
##.#...... ..
......#.#####oh..#
#########.......@.c...#
†.......#....#####o...#
#######.#....# ####.#
......#.#....# +#
..#.###.#....# #.#.#
#.#....# #.#.# #.#....#
#.#.# #.#....# #.#.#
#.#....#


You could see an orc warrior, a centaur, a howler monkey and an orc.

Vanquished Creatures
  Pikel (D:6)
  Sigmund (D:6)
  Eustachio (D:5)
  Menkaure (D:4)
  An acid dragon (D:8)
  2 water moccasins (D:8)
  Duvessa (D:6)
  A sky beast (D:3)
  4 centaurs
  2 phantoms (D:5)
  A gnoll sergeant (D:6)
  A bullfrog (D:6)
  4 scorpions
  7 wights
  Dowan (D:6)
  A bombardier beetle (D:3)
  A jelly (D:5)
  2 orc priests (D:5)
  4 hounds
  A sleepcap (D:7)
  4 iguanas
  10 orc wizards
  Robin (D:4)
  5 gnolls (D:6)
  10 adders
  2 shadow imps
  A white imp (D:8)
  2 ufetubi (D:6)
  A dart slug (D:1)
  30 orcs
  6 ball pythons
  4 bats
  6 endoplasms
  3 giant cockroaches
  22 goblins
  11 hobgoblins
  6 quokkas
  4 frilled lizards
  6 kobolds
  9 rats
181 creatures vanquished.

Notes
Turn   | Place    | Note
-------+----------+-------------------------------------------
     0 | D:1      | browni3141 the Troll Enchanter began the quest for the Orb.
     0 | D:1      | Reached XP level 1. HP: 16/16 MP: 1/1
    70 | D:1      | Found Huchuaw's Armour Shoppe.
    74 | D:1      | Reached skill level 1 in Unarmed Combat
   122 | D:1      | Reached XP level 2. HP: 26/26 MP: 2/2
   383 | D:1      | Reached skill level 2 in Unarmed Combat
   461 | D:1      | Reached XP level 3. HP: 30/33 MP: 3/3
   955 | D:2      | Identified the +5 battleaxe "Blob" {antimagic, Str+3 Int+2
                  | Stlth+}
  1289 | D:3      | Found a stormy altar of Qazlal.
  1293 | D:3      | Found an ornate altar of the Wu Jian Council.
  1390 | D:3      | Found the crystal ball of Wucad Mu {*channel}
  1577 | D:3      | Reached XP level 4. HP: 41/41 MP: 1/4
  1802 | D:3      | Found a transporter.
  1812 | D:3      | Noticed a sky beast
  1816 | D:3      | Found an iron altar of Okawaru.
  1828 | D:3      | Found a transporter.
  2108 | D:3      | Killed a sky beast
  2109 | D:3      | Reached skill level 3 in Unarmed Combat
  2109 | D:3      | Reached XP level 5. HP: 45/48 MP: 1/5
  2132 | D:3      | Became a worshipper of Warmaster Okawaru
  2220 | D:4      | Noticed Robin
  2231 | D:4      | Killed Robin
  2232 | D:4      | Reached XP level 6. HP: 34/57 MP: 2/6
  2314 | D:4      | Reached skill level 3 in Dodging
  2332 | D:4      | Reached skill level 4 in Unarmed Combat
  2367 | D:4      | Found an opulent altar of Gozag.
  2367 | D:4      | Found an ancient bone altar of Kikubaaqudgha.
  2389 | D:4      | Reached * piety under Okawaru
  2430 | D:4      | You fall into a shaft and drop 2 floors!
  2448 | D:6      | Noticed Sigmund
  2465 | D:6      | Killed Sigmund
  2466 | D:6      | Reached XP level 7. HP: 66/66 MP: 0/7
  2586 | D:6      | Noticed Pikel
  2602 | D:6      | Killed Pikel
  2602 | D:6      | Reached ** piety under Okawaru
  2603 | D:6      | Reached skill level 3 in Fighting
  2603 | D:6      | Reached skill level 3 in Throwing
  2603 | D:6      | Reached skill level 5 in Unarmed Combat
  2603 | D:6      | Reached XP level 8. HP: 20/75 MP: 1/8
  2694 | D:6      | Reached skill level 6 in Unarmed Combat
  2743 | D:6      | Reached skill level 3 in Invocations
  2957 | D:6      | Noticed Dowan
  2970 | D:6      | Noticed Duvessa
  2988 | D:6      | Killed Dowan
  2988 | D:6      | Reached *** piety under Okawaru
  3017 | D:6      | Killed Duvessa
  3131 | D:6      | Found Napemp's Antique Armour Emporium.
  3340 | D:6      | Bought a heavily runed robe for 148 gold pieces
  3340 | D:6      | Identified the +0 robe of Shadows and Fog {rElec Int+2
                  | Stlth- Archmagi} (You bought it in a shop on level 6 of the
                  | Dungeon)
  3497 | D:5      | Entered Level 5 of the Dungeon
  3797 | D:5      | Reached XP level 9. HP: 77/84 MP: 11/11
  3803 | D:5      | Reached skill level 7 in Unarmed Combat
  3928 | D:5      | Noticed Eustachio
  3936 | D:5      | Killed Eustachio
  4250 | D:4      | Noticed Menkaure
  4254 | D:4      | Killed Menkaure
  4588 | D:7      | Reached **** piety under Okawaru
  4786 | D:7      | Noticed Jeremiah
  4829 | D:8      | Reached skill level 8 in Unarmed Combat
  4852 | D:8      | HP: 3/85 [water moccasin (10)]
  4857 | D:8      | HP: 3/85 [poisoned by a water moccasin]
  5010 | D:8      | Shot with an arrow by a centaur

Illustrated notes

Levels and vault maps discovered:
D:1:      tarquinn_simple_flora_water_a, layout_basic, serial_shops, shop,
          hangedman_decor_clover_reticule, minivault_25
D:2:      layout_rooms, glass_columns_a
D:3:      layout_basic, gammafunk_temple_overflow_arena,
          grunt_temple_overflow_open, serial_corexii_hall,
          corexii_hall_statues_x, chequers_hall_statues_corner_a
D:4:      layout_rooms, gammafunk_temple_overflow_elements, minmay_distorted,
          uniq_menkaure, uniq_robin
D:5:      layout_gridville, uniq_eustachio
D:6:      layout_basic, serial_shops, nicolae_inconvenience_store, uniq_sigmund,
          uniq_pikel, uniq_duvessa
D:7:      layout_basic, minmay_temple_entry_tees, uniq_jeremiah
D:8:      layout_basic, slow_altar_1, tgw_fedhas, enter_bailey_4

Skill      XL: |  1  2  3  4  5  6  7  8  9 |
---------------+----------------------------+-----
Unarmed Combat | 1 2 3 4 5 6 8 |  8.3
Fighting       | 1 2 3 4 |  4.6
Throwing       | 1 2 3 4 5 |  5.0
Dodging        | 2 3 4 |  4.0
Invocations    | 2 3 5 |  5.3
Spellcasting   | 2 |  2.0
Short Blades   | |  0.7
Stealth        | |  1.5
Hexes          | |  2.0
Evocations     | |  0.4

Action                     |  1- 3 |  4- 6 |  7- 9 || total
---------------------------+-------+-------+-------++-------
  Melee: Unarmed           |    93 |       |   131 ||   224
         Battleaxe         |    33 |    74 |    69 ||   176
         Trident           |       |       |    29 ||    29
         Punch             |       |       |     9 ||     9
  Throw: Stone             |       |     3 |       ||     3
         Large rock        |       |       |     7 ||     7
         Throwing net      |       |       |     1 ||     1
         Boomerang         |       |       |     3 ||     3
 Invoke: Heroism           |       |     1 |     3 ||     4
  Evoke: Wand              |       |       |     1 ||     1
   Stab: Sleeping          |     5 |     1 |       ||     6
         Distracted        |     1 |       |       ||     1
 Armour: Robe              |    82 |    87 |   223 ||   392
         Acid dragon scale |       |       |    40 ||    40
         Skin              |       |       |     2 ||     2
  Dodge: Dodged            |    56 |    63 |   228 ||   347
